Workbook
Name FälligeGesamterstattung: Ausgaben3[[#Totals],[Quittungsbetrag Montant de la quittance]]
Name FälligeGesamterstattung: Ausgaben32[[#Totals],[Quittungsbetrag Montant de la quittance]]
Name FälligeGesamterstattung: Ausgaben32[[#Totals],[Quittungsbetrag Montant de la quittance]]
Name FälligeGesamterstattung: #REF!
Name FälligeGesamterstattung: #REF!
Name FälligeGesamterstattung: Ausgaben32[[#Totals],[Quittungsbetrag Montant de la quittance]]
Name FälligeGesamterstattung: #REF!
Name FälligeGesamterstattung: #REF!
Name KilometerPauschale: '2'!#REF!
Name KilometerPauschale: '3'!#REF!
Name KilometerPauschale: '4'!#REF!
Name KilometerPauschale: '5'!#REF!
Name KilometerPauschale: '6'!#REF!
Name KilometerPauschale: '7'!#REF!
Name KilometerPauschale: '8'!#REF!
Name KilometerPauschale: '1'!#REF!
Name Spaltentitel1: #REF!
Name Spaltentitel1: #REF!
Name Spaltentitel1: #REF!
Name Spaltentitel1: Ausgaben3567[[#Headers],[Beleg-Nr. Pièce n°]]
Name Spaltentitel1: #REF!
Name Spaltentitel1: #REF!
Name Spaltentitel1: #REF!
Name Spaltentitel1: #REF!

Sheet 1
B1: Finanzieller Bericht Rapport financier
C3: Zwischenbericht intermédiaire
C5: Schlussbericht final
B7: Der Bericht ist ausgefüllt mit Belegen an die KFS/KLS elektronisch (E-Mail, Filesharing-Webdienste, usw.) einzureichen. Die persönliche Unterschrift des Beitragsempfängers muss auf der letzten Seite angebracht werden. (Ausser Bericht wird elektronisch über GAP eingereicht.) Ce rapport, accompagné des pièces justificatives, doit être envoyé à la RSC/LSC (E-Mail, solution de partage par lien, etc.). La signature personnelle du bénéficiaire responsable doit figurer à la dernière page. (Sauf si le rapport est déposé par voie électronique sur GAP.)
B9: Name Nom | F9: Vorname Prénom
B11: Projekt-Nr. Numéro de projet | F11: Erhaltener Betrag Montant reçu
B13: Zeitraum Durée | F13: Datum der Einreichung Date de soumission
B15: Ist ein Fortsetzungsprojekt bewilligt worden? Avez-vous obtenu un nouveau subside pour poursuivre ce projet? | C15: ja oder nein ou o non
B19: Nr. n°
B22: Kreditverwaltende Stelle / Rechnungsführerende Administration et/ou personne responsable de l'établissement du décompte | E22: Telefon Téléphone
E24: E-Mail
B29: Bemerkungen zum finanziellen Bericht Remarques concernant le rapport financier

Sheet 2
B1: Apparate Appariels | E1: 2
B2: Ausgaben für Material von bleibendem Wert (Apparate, Bauelemente, Bestandteile) Dépenses pour le matériel de valeur durable (appareils, composants, éléments)
B4: Beleg-Nr. Pièce n° | C4: Name des Geldempfängers Nom de destinataire du versement | D4: Fremdwährung monnaie étrangère | E4: Quittungsbetrag Montant de la quittance
B37: Total (zu übertragen auf die letzte Seite des Berichts) Total (à reporter à la dernière page du rapport) | E37: =SUBTOTAL(109,Ausgaben3[Quittungsbetrag Montant de la quittance]) -> 0

Sheet 3
B1: Feldspesen, Reisen, usw. Frais de séjour et de déplacement, etc. | E1: 3
B4: Beleg-Nr. Pièce n° | C4: Name des Geldempfängers Nom de destinataire du versement | D4: Fremdwährung monnaie étrangère | E4: Quittungsbetrag Montant de la quittance
B37: Total (zu übertragen auf die letzte Seite des Berichts) Total (à reporter à la dernière page du rapport) | E37: =SUBTOTAL(109,Ausgaben32[Quittungsbetrag Montant de la quittance]) -> 0

Sheet 4
B1: Forschungsmittel Frais de recherche | E1: 4
B2: Verbrauchsmaterial sowie Unterhalt und Miete von Apparaten Matériel de consommation ainsi qu'entretien et location d'appareils
B4: Beleg-Nr. Pièce n° | C4: Name des Geldempfängers Nom de destinataire du versement | D4: Fremdwährung monnaie étrangère | E4: Quittungsbetrag Montant de la quittance
B37: Total (zu übertragen auf die letzte Seite des Berichts) Total (à reporter à la dernière page du rapport) | E37: =SUBTOTAL(109,Ausgaben324[Quittungsbetrag Montant de la quittance]) -> 0

Sheet 5
B1: Saläre Salaires | F1: 5
B2: (Bruttosalär) (salaires bruts)
B4: Beleg-Nr. Pièce n° | C4: Name und Vorname des Geldempfängers Nom et prénom des salariés | D4: von / bis du / au | E4: Bruttogehälter o. Familien + Kinderzulagen Salaires bruts sans allocations familiales/pour enfants | F4: Ausbezahltes Nettogehalt Salaires nets versés
B15: A) Total Bruttosaläre Total des salaires bruts……………………………………………………………………………………………………………………………….. | F15: =SUM(Ausgaben3567[Bruttogehälter o. Familien + Kinderzulagen Salaires bruts sans allocations familiales/pour enfants]) -> 0
B16: Nicht-AHV-pflichtige Zulagen Allocations non soumises à l'AVS
B17: - Familienzulagen / allocations de famille
B18: - Kinderzulagen / allocations d'enfants
B19: - sonstige Zulagen / autres allocations
B20: B) Total Zulagen Total des allocations | F20: =SUM(D17:D19) -> 0
B21: Total A+ B (zu übertragen auf die letzte Seite des Berichts) Total A+B (à reporter à la dernière page du rapport) | F21: =SUM(F15+F20) -> 0

Sheet 6
B1: Sozialabgaben Charges sociales | J1: 6
B2: (Arbeitgebersozialabgaben) (charges sociales employeur)
B4: Arbeitgeberbeiträge Cotisations à la charge de lêmployeur
B6: - AHV/IV/EO - AVS / AI / APG | E6: % von de | I6: =SUM(D6/100*F6) -> 0
B7: - Verwaltungskosten - frais d'administration | E7: % von de | I7: =SUM(D7/100*F7) -> 0
B8: - ALV - AC | E8: % von de | I8: =SUM(D8/100*F8) -> 0
B9: - Unfallvers. (UVG) - Ass. - accidents (LAA) | E9: % von de | I9: =SUM(D9/100*F9) -> 0
B10: - Pensionskasse (BVG) - Caisse de pension (LPP) | E10: % von de | I10: =SUM(D10/100*F10) -> 0
B11: - | E11: % von de | I11: =SUM(D11/100*F11) -> 0
B12: - | E12: % von de | I12: =SUM(D12/100*F12) -> 0
B13: - | E13: % von de | I13: =SUM(D13/100*F13) -> 0
B14: - | E14: % von de | I14: =SUM(D14/100*F14) -> 0
B15: Total (zu übertragen auf die letzte Seite des Berichts) Total (à reporter à la dernière page du rapport) | J15: =SUM(I5:I14) -> 0

Sheet 7
B1: Verschiedene Ausgaben Déspenses diverses | E1: 7
B2: (Name wählbar gemäss bewilligten Rubriken in Verfügung) (Nom librement sélectionnable en fonction des rubriques accordées dans la décision)
B4: Beleg-Nr. Pièce n° | C4: Name des Geldempfängers Nom de destinataire du versement | D4: Fremdwährung monnaie étrangère | E4: Quittungsbetrag Montant de la quittance
B37: Total (zu übertragen auf die letzte Seite des Berichts) Total (à reporter à la dernière page du rapport) | E37: =SUBTOTAL(109,Ausgaben3245[Quittungsbetrag Montant de la quittance]) -> 0

Sheet 8
B1: Abrechnung und Zusammenfassung der Berichtsperiode Décompte et récapitulation pour la période concernée | I1: 8
B3: 1. | C3: Saldovortrag aus der vorangegangenen Berichtsperiode Report du solde selon le rapport précédent
B4: 2. | C4: Total der Beträge, die von KFS/KLS in dieser Periode überwiesen wurden Total des versements reçus de la RSC/LSC au cours de la période concernée
B5: 3. | C5: Andere Einnahmen (Zinsen, Rückerstattungen, Vst., Lohnausfallentschädigungen, Industrieaufträge, Lizenzerträge usw.). Bewahren Sie die entsprechenden Belege mindestens sechs Jahre lang auf, reichen Sie sie jedoch nicht bei unserem Büro ein. Autres revenus (intérêts, remboursements de l'impôt anticipé, indemnités pour perte de gain, commandes de l'industrie, etc.). Conservez les reçus correspondants pendant au moins six ans, mais ne les soumettez pas à notre bureau.
C6: Beleg-Nr. und Bezeichnung Pièces justificatives et détail | I6: =SUM(F6:F8) -> 0
F7: 0
F8: 0
B9: 4. | C9: Total Einahmen (Ziff.1+2+3) / Total des recettes (chiff.1+2+3) | I9: =SUM(I3:I8) -> 0
B10: 5. | C10: Zusammenfassung Ausgaben / Récapitulatif des dépenses
C11: 2 Apparate / Appariels | F11: =SUM('2'!E37) -> 0 | I11: =SUM(F11:F16) -> 0
C12: 3 Feldspesen / Frais de séjour...................................................................... | F12: =SUM('3'!E37) -> 0
C13: 4 Forschungsmittel / Frais de recherche ....................................................................... | F13: =SUM('4'!E37) -> 0
C14: 5 Saläre / Salaires | F14: =SUM('5'!F21) -> 0
C15: 6 Sozialabgaben / Charges sociales | F15: =SUM('6'!J15) -> 0
C16: 7 Verschiedene Ausgaben / Dépenses diverses | F16: =SUM('7'!E37) -> 0
C18: Total Ausgaben / Total des dépenses
B20: 6. | C20: Saldo, Vortrag auf die folgende Berichtsperiode, oder bei Schlussabrechnung Rückzahlung an die KLS/KFS (Ziff. 4 - 5) Solde, à reporter sur le prochain exercice ou, s'il s'agit d'un rapport final, à rembourser à la LSC/RSC (chiffre 4 - 5) | I20: =SUM(I9-I11) -> 0
B24: 7. | C24: a) Zugesprochener Gesamtbeitrag / Total du subside accordé
C25: b) Von KFS/KLS total erhalten / total des versements de la RSC/LSC
C26: c) Noch nicht bezogener Restkredit (a - b) / Solde du subside encore en main de la RSC/LSC (a - b) | I26: =SUM(F24-F25) -> 0
B27: 8. | C27: Total für dieses Gesuch noch verfügbar / Total du solde disponible pour ce subside (chiffres 6+7) | I27: =SUM(I20+I26) -> 0
B29: Ort und Datum Lieu et date | D29: Unterschrift der verantwortlichen Beitragsempfangenden (ausser Bericht wird elektronisch über GAP eingereicht) Signature du/de la bénéficiaire responsable (sauf si le rapport est déposé par voie électronique sur GAP)
